 Dungeon Crawl Stone Soup version 0.22-a0-479-gc6e99f3 (webtiles) character file.

163 saradell the Vandal (level 5, -3/35 HPs)
             Began as a Halfling Hunter on June 14, 2018.
             Shot with an arrow by a centaur (8 damage)
             ... on level 3 of the Dungeon.
             The game lasted 00:39:07 (3519 turns).

saradell the Vandal (Halfling Hunter)               Turns: 3519, Time: 00:39:08

Health: -3/35      AC:  6    Str: 12 (13) XL:     5   Next: 73%
Magic:  5/5        EV: 12    Int:  7 (9)  God:
Gold:   143        SH:  0    Dex: 14 (16) Spells: 4/4 levels left

rFire    . . .     SeeInvis .   j - +0 whip
rCold    . . .     Gourm    .   (shield restricted)
rNeg     . . .     Faith    .   r - +0 scale mail
rPois    .         Spirit   .   (no helmet)
rElec    .         Reflect  .   (no cloak)
rCorr    .         Harm     .   (no gloves)
MR       .....                  (no boots)
Stlth    ..........             s - amulet of the acrobat
HPRegen  0.11/turn              (no ring)
MPRegen  0.09/turn              (no ring)

@: no status effects
A: small, mutation resistance 1
a: no special abilities


You were on level 3 of the Dungeon.
You were very hungry.

You visited 1 branch of the dungeon, and saw 3 of its levels.

You collected 143 gold pieces.

Inventory:

Hand Weapons
 a - a +1 hunting sling
 j - a +0 whip (weapon)
 p - a +0 flail
Missiles
 d - 35 sling bullets
 h - 6 large rocks
 i - 115 stones (quivered)
Armour
 b - a +0 plate armour
 g - a +0 buckler
 m - a +0 leather armour
 r - a +0 scale mail (worn)
Jewellery
 s - an amulet of the acrobat (around neck)
Scrolls
 c - a scroll of teleportation
 e - a scroll of enchant weapon {unknown}
 l - a scroll of remove curse
 o - 3 scrolls of identify
Potions
 f - a potion of ambrosia
 k - 2 potions of flight
 n - a potion of degeneration
 q - a potion of curing {unknown}


   Skills:
 + Level 2.6 Fighting
   Level 2.2 Short Blades
 + Level 0.6 Maces & Flails
 + Level 6.3 Slings
 + Level 2.3 Armour
 + Level 3.3 Dodging
 + Level 1.5 Stealth


You had 4 spell levels left.
You didn't know any spells.
Your spell library was empty.

Dungeon Overview and Level Annotations

Branches:
Dungeon (3/15)

Altars:
Fedhas
Hepliaklqana


Innate Abilities, Weirdness & Mutations

You are small and have problems with some larger weapons.
You are somewhat resistant to further mutation.


Message History

The centaur closely misses you. The centaur hits you.
You hit the centaur.
The centaur is heavily wounded.
The centaur barely misses you.
You hit the centaur.
The centaur is severely wounded.
The centaur closely misses you. The centaur hits you.
* * * LOW HITPOINT WARNING * * *
You hit the centaur.
The centaur is almost dead.
You are feeling very hungry.
The centaur hits you.
* * * LOW HITPOINT WARNING * * *
As you read the scroll labeled DETYSS ITIMM, it crumbles to dust.
You feel strangely unstable.
It was a scroll of teleportation.
The centaur barely misses you. The centaur closely misses you.
Your surroundings seem slightly different.
The centaur wields a glowing shortbow.
It bursts into flame!
The centaur shoots an arrow.
The arrow hits you!
You die...

#...............#####
#............>...)...
###...###.........†....
#......................
#.................#....
#.................#..#+
#..........#########.#.
#........##### #.#.
#.....@.##...# #.#.
#.......##..#..# #...
#........c.#.c#..# ##..
#.......#.#..#..#.# #..
#.......##..###..## ##.
#.)......#### ### #>
#..........# ##
#..........# ##
############ #.


You could see a centaur.

Vanquished Creatures
  A scorpion (D:2)
  An orc wizard (D:2)
  2 adders (D:2)
  An ooze (D:3)
  An adder zombie (D:2)
  A dart slug (D:1)
  A leopard gecko (D:1)
  2 orcs (D:2)
  A ball python (D:1)
  8 bats
  2 giant cockroaches
  5 goblins
  6 hobgoblins
  6 kobolds
  8 frilled lizards
  15 rats
61 creatures vanquished.

Notes
Turn   | Place    | Note
-------+----------+-------------------------------------------
     0 | D:1      | saradell the Halfling Hunter began the quest for the Orb.
     0 | D:1      | Reached XP level 1. HP: 14/14 MP: 1/1
   165 | D:1      | Reached skill level 6 in Slings
   168 | D:1      | Reached XP level 2. HP: 6/19 MP: 2/2
   694 | D:1      | Reached skill level 1 in Short Blades
   896 | D:1      | Reached XP level 3. HP: 24/24 MP: 3/3
  1500 | D:2      | Reached skill level 1 in Armour
  1866 | D:2      | Noticed a scorpion
  1906 | D:2      | Killed a scorpion
  1906 | D:2      | Reached XP level 4. HP: 11/29 MP: 4/4
  2116 | D:2      | Reached XP level 5. HP: 26/34 MP: 5/5
  2742 | D:3      | Found a hazy altar of Hepliaklqana.
  2770 | D:3      | Found a blossoming altar of Fedhas.
  3497 | D:3      | Noticed a centaur
  3519 | D:3      | Shot with an arrow by a centaur

Vault maps used:
D:1:      erik_arrival_orb_chamber, serial_bayou_pond_b
D:2:      minmay_misc_feat_ornament, minmay_lizard_pond
D:3:      grunt_temple_overflow_cloverleaf, nicolae_overflow_crystal_walls,
          marbit_many_paths, fedhas_altar_1

Skill      XL: |  1  2  3  4  5 |
---------------+----------------+-----
Slings         | 6 |  6.3
Short Blades   | 1 2 |  2.2
Dodging        | 3 |  3.3
Armour         | 1 2 |  2.3
Fighting       | 2 |  2.6
Maces & Flails | |  0.6
Stealth        | |  1.5

Action                   |  1- 3 |  4- 6 || total
-------------------------+-------+-------++-------
Melee: Short sword       |   174 |    58 ||   232
       Hunting sling     |     9 |       ||     9
       Whip              |       |   125 ||   125
  Use: Scroll            |     1 |     5 ||     6
       Potion            |     1 |     2 ||     3
 Stab: Sleeping          |     1 |       ||     1
  Eat: Ration            |     1 |     1 ||     2
       Chunk             |       |     1 ||     1
Armor: Leather armour    |    29 |       ||    29
       Plate armour      |    59 |    88 ||   147
       Scale mail        |       |    25 ||    25
Dodge: Dodged            |   138 |    80 ||   218

Table legend:
 A = Spawn XP
 B = Non-spawn XP
 C = Spawn XP percentage of total XP
 D = Spawn monster count
 E = Non-spawn monster count
 F = Spawn count percentage of total count
 G = Total turns spent on level
                    A         B        C        D         E        F      G
               +---------+---------+-------+---------+---------+-------+---------
         Total |       0 |     234 |   0.0 |       0 |      61 |   0.0 |  3519
               +---------+---------+-------+---------+---------+-------+---------
           D:1 |       0 |      49 |   0.0 |       0 |      32 |   0.0 |  1686
           D:2 |       0 |     170 |   0.0 |       0 |      23 |   0.0 |  1486
           D:3 |       0 |      15 |   0.0 |       0 |       6 |   0.0 |   347
               +---------+---------+-------+---------+---------+-------+---------
